 Dungeon Crawl Stone Soup version 0.29-a0-298-g3c90f9a769 (webtiles) character file.

Game seed: 9773680775623802135

56 kipponium the Chopper (level 3, -2/29 HPs)
             Began as a Demonspawn Berserker on Mar 22, 2022.
             Was a Believer of Trog.
             Slain by a goblin
             ... wielding a +0 club
             ... led by Robin
              (4 damage)
             ... on level 2 of the Dungeon.
             The game lasted 00:02:33 (1161 turns).

kipponium the Chopper (Demonspawn Berserker)        Turns: 1161, Time: 00:02:34

Health: -2/29      AC:  2    Str: 19    XL:     3   Next: 69%
Magic:  3/3        EV: 12    Int:  8    God:    Trog [**....]
Gold:   52         SH:  0    Dex: 12    Spells: 2/2 levels left

rFire   . . .      SeeInvis .     - Unarmed
rCold   . . .      Faith    .   (no shield)
rNeg    . . .      Spirit   .   b - +0 animal skin
rPois   .          Reflect  .   i - +0 hat
rElec   .          Harm     .   (no cloak)
rCorr   .          Rampage  .   (no gloves)
Will    .....                   (no boots)
Stlth   +.........              (no amulet)
HPRegen 0.09/turn               (no ring)
MPRegen 0.08/turn               (no ring)

@: on berserk cooldown
A: claws 1
a: Renounce Religion, Berserk, Trog's Hand


You were on level 2 of the Dungeon.
You worshipped Trog.
Trog was pleased with you.
You visited 1 branch of the dungeon, and saw 2 of its levels.

You collected 52 gold pieces.

Inventory:

Hand Weapons
 a - a +0 hand axe
Missiles
 f - 3 poisoned darts (quivered)
Armour
 b - a +0 animal skin (worn)
 i - a +0 hat (worn)
Jewellery
 e - a ring of fire
Scrolls
 c - a scroll of enchant armour {unknown}
 d - a scroll of vulnerability {unknown}
 h - a scroll of identify {unknown}
Potions
 g - a potion of lignification {unknown}
 j - a potion of berserk rage {unknown}


   Skills:
 - Level 3.0 Fighting
 - Level 3.3 Axes
 - Level 1.7 Armour
 - Level 1.7 Dodging
 * Level 2.3 Unarmed Combat


You had 2 spell levels left.
You didn't know any spells.
Your spell library was empty.

Dungeon Overview and Level Annotations

Branches:
Dungeon (2/15)

Altars:
Kikubaaqudgha

Annotations:
D:2 Robin


Innate Abilities, Weirdness & Mutations

You have sharp fingernails.


Message History

You miss the goblin.
The hobgoblin hits you but does no damage.
The goblin hits you with a +0 dagger.
You barely miss the goblin. The goblin barely misses you.
The hobgoblin closely misses you. The hobgoblin hits you.
The goblin closely misses you.
You miss the goblin. The hobgoblin misses you. The goblin closely misses you.
You barely miss the goblin. Your claw misses the goblin.
The goblin closely misses you.
The hobgoblin hits you but does no damage.
The hobgoblin hits you. The goblin barely misses you.
You closely miss the goblin. The hobgoblin closely misses you.
The goblin closely misses you.
You closely miss the goblin. The goblin hits you with a +0 dagger.
The hobgoblin hits you. The hobgoblin closely misses you.
The goblin hits you with a +0 dagger.
You scratch the goblin.
The goblin is severely wounded.
You feel yourself speed up. The hobgoblin barely misses you.
The goblin hits you with a +0 dagger.
You completely miss the goblin.
The goblin is severely wounded.
The hobgoblin barely misses you. The goblin closely misses you.
You scratch the goblin.
You kill the goblin!
Trog accepts your kill.
You scratch the hobgoblin.
The hobgoblin is moderately wounded.
The goblin hits you with a +0 club.
* * * LOW HITPOINT WARNING * * *
The hobgoblin closely misses you.
You closely miss the goblin. The goblin barely misses you.
The hobgoblin hits you.
* * * LOW HITPOINT WARNING * * *
You completely miss the goblin. Your claw misses the goblin.
The hobgoblin misses you. The goblin hits you with a +0 club.
* * * LOW HITPOINT WARNING * * *
You closely miss the goblin. The hobgoblin closely misses you.
The goblin hits you with a +0 club.
You die...

#.....# ###.#### ...#
#......# .....# #
#......# .....#.#
#......# ....#.####
#......# ..........
#......##### #.......#
#..........###.......#
#..........#@gg......#
#...........g#g......#
#............#..)....#
#......#.##..#..!....#
###..........#.......#
#...^......#####:...$
#..........# ####g
#..........#
#........<.#


You could see 2 hobgoblins and 2 goblins.

Vanquished Creatures
  Terence (D:2)
  A ball python (D:1)
  3 bats (D:1)
  2 endoplasms
  4 goblins
  4 hobgoblins
  3 jackals (D:1)
  A quokka (D:1)
  A frilled lizard (D:1)
  4 kobolds (D:1)
  A rat (D:1)
  A spectral hobgoblin (D:1)
26 creatures vanquished.

Notes
Turn   | Place    | Note
-------+----------+-------------------------------------------
     0 | D:1      | kipponium the Demonspawn Berserker began the quest for the
                  | Orb.
     0 | D:1      | Reached XP level 1. HP: 18/18 MP: 1/1
   172 | D:1      | Gained mutation: You have sharp fingernails. [demonic
                  | ancestry]
   172 | D:1      | Reached XP level 2. HP: 12/24 MP: 2/2
   637 | D:1      | Found a faded altar of an unknown god.
   645 | D:1      | Reached skill level 1 in Unarmed Combat
  1048 | D:2      | Found an ancient bone altar of Kikubaaqudgha.
  1124 | D:2      | Noticed Terence
  1131 | D:2      | Killed Terence
  1132 | D:2      | Reached XP level 3. HP: 29/29 MP: 3/3
  1134 | D:2      | Noticed Robin
  1139 | D:2      | Reached ** piety under Trog
  1161 | D:2      | Slain by a goblin

Illustrated notes

Levels and vault maps discovered:
D:1:      matt_arrival_grand_opening, layout_basic,
          dreamdust_ecumenical_altar_drowned_temple
D:2:      layout_basic, basic_altar, uniq_terence, uniq_natasha, uniq_robin

Skill      XL: |  1  2 |
---------------+-------+-----
Axes           | 3 |  3.3
Unarmed Combat | 2 |  2.3
Fighting       | |  3.0
Armour         | |  1.7
Dodging        | |  1.7

Action                   || total
-------------------------++-------
Melee: Hand axe          ||    25
       Unarmed           ||    71
       Punch             ||     1
Invok: Berserk           ||     2
 Stab: Sleeping          ||     1
Armor: Animal skin       ||    18
Dodge: Dodged            ||    83

Table legend: (Time is in decaauts)
 A = Elapsed time spent in this place.
 B = Non-inter-level travel time spent in this place.
 C = Inter-level travel time spent in this place.
 D = Time resting spent in this place.
 E = Time spent auto-exploring this place.
 F = Levels seen in this place.
 G = Mean time per level.
                   A        B        C        D        E       F      G
               +--------+--------+--------+--------+--------+-----+--------+
         Total |   1179 |   1175 |      4 |    469 |    466 |   2 |  589.5 |
       Dungeon |   1179 |   1175 |      4 |    469 |    466 |   2 |  589.5 |
               +--------+--------+--------+--------+--------+-----+--------+

Top non-repeatable levels by time:
     D:1: 1061 daAuts
     D:2: 118 daAuts
